 Dungeon Crawl Stone Soup version 0.29.0-5-ge4962eb29e (webtiles) character file.

Game seed: 12772723686767059103

592 diana the Changer (level 7, 0/48 HPs)
             Began as an Octopode Transmuter on Aug 28, 2022.
             Slain by an orc
             ... wielding a +0 vorpal mace
              (7 damage)
             ... on level 5 of the Dungeon.
             The game lasted 00:08:33 (6246 turns).

diana the Changer (Octopode Transmuter)             Turns: 6246, Time: 00:08:34

Health: 0/48       AC:  1    Str:  9    XL:     7   Next: 39%
Magic:  9/11       EV: 14    Int: 17    God:
Gold:   260        SH:  0    Dex: 13    Spells: 6/12 levels left

rFire   . . .      SeeInvis .     - Unarmed
rCold   . . .      Faith    .   (no shield)
rNeg    . . .      Spirit   .   (helmet currently unavailable)
rPois   .          Reflect  .   (no amulet)
rElec   .          Harm     .   n - ring of willpower
rCorr   .          Rampage  .   (no ring)
Will    +....                   (no ring)
Stlth   ++........              (no ring)
HPRegen 0.16/turn               (no ring)
MPRegen 0.12/turn               (no ring)
                                (no ring)
                                (no ring)

@: appendages (expiring), wereblooded
A: tentacle spike 3, almost no armour, amphibious, 8 rings, camouflage 1,
gelatinous body 1, (nimble swimmer 1), tentacles
a: End Transformation


You were on level 5 of the Dungeon.
One of your tentacles had grown a beastly spike.
You visited 1 branch of the dungeon, and saw 5 of its levels.

You collected 260 gold pieces.

Inventory:

Jewellery
 n - a ring of willpower (left tentacle)
 u - an amulet of guardian spirit
Wands
 m - a wand of iceblast (12)
 s - a wand of flame (26)
Scrolls
 a - a scroll of silence {unknown}
 c - 3 scrolls of poison {unknown}
 d - 4 scrolls of immolation {unknown}
 h - 2 scrolls of identify {unknown}
 i - a scroll of noise {unknown}
 j - 2 scrolls of teleportation {unknown}
 o - a scroll of enchant armour {unknown}
 p - a scroll of amnesia {unknown}
 q - a scroll of torment {unknown}
 t - a scroll of fear {unknown}
 v - 3 scrolls of blinking {unknown}
Potions
 b - 3 potions of degeneration {unknown}
 e - 3 potions of attraction {unknown}
 f - a potion of resistance {unknown}
 g - a potion of haste {unknown}
 k - a potion of heal wounds {unknown}
 l - a potion of lignification
 r - a potion of flight {unknown}


   Skills:
 * Level 4.1 Fighting
 + Level 3.3 Dodging
 + Level 4.1 Unarmed Combat
 + Level 3.2 Spellcasting
 * Level 4.5 Transmutations


You had 6 spell levels left.
You knew the following spells:

 Your Spells              Type           Power      Damage    Failure   Level
a - Beastly Appendage     Tmut           36%        N/A       2%          1
b - Wereblood             Tmut           18%        N/A       4%          2
c - Spider Form           Tmut/Pois      10%        N/A       21%         3

Your spell library contained the following spells:

 Spells                   Type           Power      Damage    Failure   Level
 Magic Dart               Conj           8%         1d3       17%         1
 Call Imp                 Summ           2%         N/A       26%         2
 Mephitic Cloud           Conj/Pois/Air  2%         N/A       45%         3
 Ozocubu's Armour         Ice            2%         N/A       45%         3
 Ice Form                 Ice/Tmut       10%        N/A       54%         4
 Ozocubu's Refrigeration  Ice            1%         4d7       100%        7


Dungeon Overview and Level Annotations

Branches:
Dungeon (5/15)
 Temple: D:4-7

Altars:
Cheibriados
Dithmenos
Fedhas
Hepliaklqana
Kikubaaqudgha
Makhleb
Sif Muna
Wu Jian
Zin

Shops:
D:1 =


Innate Abilities, Weirdness & Mutations

One of your tentacles has grown a beastly spike.
You cannot wear most types of armour.
You are amphibious.
You can wear up to eight rings at the same time.
Your skin changes colour to match your surroundings (Stealth+).
Your rubbery body absorbs attacks. (AC +1, EV +1)
((You are camouflaged when in or above water. (Stealth+)))
You have tentacles for arms and can constrict up to eight enemies at once.


Message History

The shadow imp is moderately wounded.
You constrict the shadow imp. The orc hits you with a +0 vorpal mace!
The shadow imp disappears for a moment.
The shadow imp barely misses you.
You tentacle-slap the shadow imp.
Your tentacle spike misses the shadow imp.
The shadow imp is severely wounded.
You constrict the shadow imp. The shadow imp hits you.
The orc hits you with a +0 short sword. The orc hits you with a +0 mace!
The orc hits you with a +0 whip.
* * * LOW HITPOINT WARNING * * *
The orc closely misses you.
You completely miss the shadow imp.
The shadow imp is almost dead.
You constrict the shadow imp.
You feel a bit better.
You kill the shadow imp!
The orc misses you. The orc barely misses you. x2
The orc completely misses you.
You barely miss the orc. You grab the orc.
You pierce the orc.
The orc is heavily wounded.
You constrict the orc. The orc closely misses you. The orc barely misses you.
The orc closely misses you. x2
You tentacle-slap the orc.
You feel a bit better.
You kill the orc!
The orc hits you with a +0 mace!
* * * LOW HITPOINT WARNING * * *
The orc closely misses you. The orc hits you with a +0 vorpal mace.
* * * LOW HITPOINT WARNING * * *
x2 Unknown command.
You tentacle-slap the orc. Your grab misses the orc.
Your squeeze misses the orc.
The orc is heavily wounded.
You howl as the wereblood boils in your veins!
The orc barely misses you. The orc misses you. The orc closely misses you.
You barely miss the orc. Your grab misses the orc. You squeeze the orc.
You feel a bit better.
You kill the orc!
Your transformation is almost over.
The orc barely misses you. The orc hits you with a +0 vorpal mace!
You die...

###...###
#.[....?# .......
#.8.⌠.8.# #......
#.......# #.)...
#._._._.# #....#
#.......# #....
#._._oo.# #...#
#...)@).# #<..#
#._._._.# #..###
#.......#
#....####.8.⌠.8.#
#.##.(.##.......#
##.####.####...###
#..# #.#
#..#.###... #.##
#.#####.........!
#.#
#.............#..


You could see 2 orcs.

Vanquished Creatures
  An ogre (D:4)
  A scorpion (D:4)
  A jelly (D:3)
  3 hounds
  An orc priest (D:4)
  2 iguanas (D:4)
  An orc wizard (D:4)
  9 adders
  2 shadow imps (D:5)
  9 dart slugs
  6 orcs
  6 ball pythons
  6 bats
  14 endoplasms
  6 giant cockroaches
  7 goblins
  7 hobgoblins
  2 jackals (D:4)
  14 kobolds
  5 quokkas
  2 frilled lizards
  6 rats
111 creatures vanquished.

Vanquished Creatures (others)
  5 fungi (D:3)
  7 toadstools (D:3)
12 creatures vanquished.

Grand Total: 123 creatures vanquished

Notes
Turn   | Place    | Note
-------+----------+-------------------------------------------
     0 | D:1      | diana the Octopode Transmuter began the quest for the Orb.
     0 | D:1      | Reached XP level 1. HP: 13/13 MP: 3/3
   366 | D:1      | Reached XP level 2. HP: 3/18 MP: 3/5
  1001 | D:1      | Learned a level 2 spell: Wereblood
  1074 | D:1      | Found Xefral's Jewellery Shop.
  1202 | D:1      | Reached XP level 3. HP: 18/24 MP: 4/6
  1301 | D:1      | Learned a level 3 spell: Spider Form
  1647 | D:2      | HP: 1/24 [poisoned by an adder]
  2148 | D:2      | Reached XP level 4. HP: 19/29 MP: 5/7
  3145 | D:3      | Reached XP level 5. HP: 35/35 MP: 5/8
  3171 | D:3      | Found a faded altar of an unknown god.
  4426 | D:4      | Reached XP level 6. HP: 42/42 MP: 6/10
  5225 | D:4      | Reached XP level 7. HP: 13/47 MP: 6/11
  6012 | D:5      | Entered Level 5 of the Dungeon
  6226 | D:5      | Found a shadowy altar of Dithmenos.
  6226 | D:5      | Found an ornate altar of the Wu Jian Council.
  6227 | D:5      | Found a snail-covered altar of Cheibriados.
  6229 | D:5      | Found a blossoming altar of Fedhas.
  6229 | D:5      | Found an ancient bone altar of Kikubaaqudgha.
  6230 | D:5      | Found a glowing silver altar of Zin.
  6231 | D:5      | Found a shimmering blue altar of Sif Muna.
  6231 | D:5      | Found a burning altar of Makhleb.
  6231 | D:5      | Found a hazy altar of Hepliaklqana.
  6246 | D:5      | Slain by an orc

Illustrated notes

Levels and vault maps discovered:
D:1:      minmay_arrival_wavy_path, layout_basic, serial_shops,
          nicolae_shop_hallway_stairs, minmay_misc_feat_secret_circle
D:2:      layout_basic, minmay_misc_feat_enclosed
D:3:      cheibrodos_fertilizer, layout_loops_ring,
          nicolae_ecumenical_snake_handling
D:4:      kennysheep_slugbush, layout_basic
D:5:      layout_rooms, nicolae_overflows_in_rows, uniq_blork_the_orc,
          uniq_menkaure, uniq_prince_ribbit1

Skill      XL: |  1  2  3  4  5  6  7 |
---------------+----------------------+-----
Fighting       | 2 3 4 |  4.1
Transmutations | 3 4 |  4.5
Dodging        | 3 |  3.3
Unarmed Combat | 4 |  4.1
Spellcasting   | 3 |  3.2

Action                   |  1- 3 |  4- 6 |  7- 9 || total
-------------------------+-------+-------+-------++-------
Melee: Unarmed           |    81 |   131 |    42 ||   254
       Kick              |    15 |    32 |     9 ||    56
       Constrict         |    18 |    30 |     9 ||    57
       Tentacles         |     6 |    32 |    12 ||    50
       Punch             |       |     4 |     1 ||     5
 Cast: Beastly Appendage |    29 |    29 |     8 ||    66
       Wereblood         |       |     9 |     2 ||    11
       Spider Form       |       |     3 |     1 ||     4
  Use: Potion            |     2 |     1 |       ||     3
 Stab: Sleeping          |     5 |     8 |       ||    13
Armor: Skin              |    16 |     3 |     1 ||    20
Dodge: Dodged            |    51 |    79 |    35 ||   165
